 Dungeon Sprint DCSS version 0.31-a0-455-g1a7b003ef0 (webtiles) character file.

Game seed: 11770235828296725697

572 dialectric the Basher (level 7, -16/74 HPs)
             Began as a Minotaur Berserker on Aug 3, 2023.
             Was a Priest of Trog.
             Demolished by a tentacle (18 damage)
             ... attached to a kraken
             ... in the Dungeon (Sprint II: "The Violet Keep of Menkaure").
             The game lasted 00:00:57 (106 turns).

dialectric the Basher (Minotaur Berserker)           Turns: 106, Time: 00:00:58

Health: -16/74     AC:  2    Str: 22    XL:     7   Next: 12%
Magic:  6/6        EV: 14    Int:  4    God:    Trog [***...]
Gold:   486        SH:  0    Dex: 11    Spells: 6/6 levels left

rFire   . . .        a - +0 mace
rCold   . . .        (no shield)
rNeg    . . .        b - +0 animal skin
rPois   .            (helmet restricted)
rElec   .            (no cloak)
rCorr   .            (no gloves)
SInv    .            (no boots)
Will    .....        (no amulet)
Stlth   +            (no ring)
HPRegen 0.32/turn    (no ring)
MPRegen 0.10/turn

%: no teleportation
@: very slow
A: horns 2, retaliatory headbutt
a: Renounce Religion, Berserk, Trog's Hand


You were in the Dungeon.
You worshipped Trog.
Trog was most pleased with you.
You visited 1 branch You collected 486 gold pieces.

Inventory:

Hand Weapons
 a - a +0 mace (weapon)
Armour
 b - a +0 animal skin (worn)
Scrolls
 h - a scroll of blinking
Potions
 e - a potion of haste
 f - 2 potions of magic
 g - a potion of berserk rage


   Skills:
 + Level 11.5 Fighting
 + Level 12.5 Maces & Flails
 + Level 5.9 Armour
 + Level 6.3 Dodging


You had 6 spell levels left.
You didn't know any spells.
Your spell library was empty.

Dungeon Overview and Level Annotations

Branches:
Dungeon (1/1)

Altars:
Cheibriados
Dithmenos
Elyvilon
Fedhas
Gozag
Kikubaaqudgha
Makhleb
Nemelex Xobeh
Okawaru
Sif Muna
Trog
Uskayaw
Vehumet
Yredelemnul
Zin
Jiyva
Lugonu


Innate Abilities, Weirdness & Mutations

You have a pair of horns on your head.
You reflexively headbutt those who attack you in melee.


Message History

* * * LOW HITPOINT WARNING * * *
You are poisoned.
The water moccasin poisons you!
You feel much better.
You feel very sick. The water moccasin bites you!
The water moccasin closely misses you. You furiously retaliate!
You headbutt the water moccasin.
You kill the water moccasin!
Trog accepts your kill.
You have reached level 7!
You enter the shallow water.
Moving in this stuff is going to be slow.
Found a shadowy altar of Dithmenos and a viscous altar of Jiyva.
You feel yourself speed up.
You feel sick.
You see here a water moccasin corpse.
Found a snail-covered altar of Cheibriados.
You feel sick.
Found a scroll labelled HUSITUAGAL.
Found a roughly hewn altar of Beogh.
You feel sick.
Found a ring mail, a pair of glowing boots and 10 gold pieces.
You feel sick.
You are no longer poisoned.
Found ten items.
Found twelve items.
The water moccasin hisses angrily.
Found seven items.
You recover from your berserk rage.
The water moccasin hisses angrily.
Found five items.
A kraken comes into view.
A tentacle rises from the water!
A tentacle comes into view.
The tentacle slaps you!
* * * LOW HITPOINT WARNING * * *
The tentacle slaps you!
* * * LOW HITPOINT WARNING * * *
Unknown command.
The tentacle slaps you!!
You die...

## +.### |▓?$!($!)$▓▓ .#
...# #▓[$?![$$$▓▓ .##
#..# #▓)!!($(?=▓▓ ..#
+..# #▓$(!$[(?!▓▓ ..#
#.^# #▓[!?$:!)!▓▓
..####..####▓?[?[)([?▓▓
....###...##▓▓▓▓▓▓▓+▓▓▓▓+
.....§†~~~~~~~~~@w~───Xw≈
~..§§§§#+########+###.ww≈
§~~§..~#_._.....#S~~# ≈
~§~~~.~#._._....#S§≈§#
§≈~§~§~#_._._...#~§§~≈#
§§≈§§§~#._._._..#~§§≈§≈
§§§§≈§~#_._._._.#~§~~~§
≈≈###≈≈#._._._._#~§§§§§


You could see a kraken, 4 tentacles and 2 water moccasins.

Vanquished Creatures
  A water moccasin (D)
  4 necrophages (D)
  4 scorpions (D)
9 creatures vanquished.

Notes
Turn   | Place    | Note
-------+----------+-------------------------------------------
     0 | D        | dialectric the Minotaur Berserker began the quest for the
                  | Orb.
     0 | D        | Reached XP level 1. HP: 19/19 MP: 0/0
     1 | D        | Noticed a boulder beetle
     1 | D        | Noticed a boulder beetle
     4 | D        | Noticed a necrophage
     4 | D        | Noticed a necrophage
     4 | D        | Noticed a necrophage
     4 | D        | Noticed a necrophage
     9 | D        | Killed a necrophage
    10 | D        | Reached skill level 6 in Maces & Flails
    10 | D        | Reached XP level 2. HP: 31/31 MP: 1/1
    10 | D        | Reached XP level 3. HP: 38/38 MP: 2/2
    14 | D        | Killed a necrophage
    15 | D        | Reached skill level 8 in Maces & Flails
    15 | D        | Reached XP level 4. HP: 48/48 MP: 3/3
    16 | D        | Killed a necrophage
    16 | D        | Reached ** piety under Trog
    17 | D        | Reached skill level 9 in Maces & Flails
    17 | D        | Reached XP level 5. HP: 56/56 MP: 4/4
    21 | D        | Reached skill level 10 in Maces & Flails
    21 | D        | Reached skill level 5 in Armour
    21 | D        | Reached skill level 5 in Dodging
    45 | D        | Noticed a wyvern
    45 | D        | Noticed a wyvern
    60 | D        | Reached skill level 10 in Fighting
    60 | D        | Reached XP level 6. HP: 52/66 MP: 5/5
    63 | D        | Reached skill level 11 in Maces & Flails
    68 | D        | Reached *** piety under Trog
    71 | D        | Reached skill level 12 in Maces & Flails
    83 | D        | Found an iron altar of Okawaru.
    83 | D        | Found a radiant altar of Vehumet.
    85 | D        | Found a sparkling altar of Nemelex Xobeh.
    85 | D        | Found a hide-covered altar of Uskayaw.
    85 | D        | Found a glowing silver altar of Zin.
    86 | D        | Found a burning altar of Makhleb.
    86 | D        | Found a bloodstained altar of Trog.
    86 | D        | Found an opulent altar of Gozag.
    87 | D        | Found a blossoming altar of Fedhas.
    87 | D        | Found a corrupted altar of Lugonu.
    87 | D        | Found a basalt altar of Yredelemnul.
    87 | D        | Found a shimmering blue altar of Sif Muna.
    87 | D        | Noticed a water moccasin
    88 | D        | Found a white marble altar of Elyvilon.
    88 | D        | Found an ancient bone altar of Kikubaaqudgha.
    93 | D        | Killed a water moccasin
    94 | D        | Reached XP level 7. HP: 32/74 MP: 6/6
    94 | D        | Found a shadowy altar of Dithmenos.
    94 | D        | Found a viscous altar of Jiyva.
    95 | D        | Found a snail-covered altar of Cheibriados.
   104 | D        | Noticed a kraken
   105 | D        | HP: 2/74 [tentacle[a kraken] (16)]
   106 | D        | Demolished by a tentacle

Illustrated notes

Levels and vault maps discovered:
D:        the_violet_keep_of_menkaure [sprint2_stairs_cluster_1,
          sprint2_shoproom, sprint2_temple, sprint2_basic_supplies,
          sprint2_obstacle_5, sprint2_obstacle_4, sprint2_obstacle_3,
          sprint2_obstacle_1, sprint2_obstacle_6, sprint2_timed_cluster_1,
          sprint2_smallroom_cluster_1, sprint2_smallroom_final_cluster_1,
          sprint2_transparent_cluster_1, sprint2_second_timed_cluster_1,
          sprint2_sniper_area_1, sprint2_heavy_combat_area_1,
          sprint2_mutation_trap_area_1, sprint2_forest_area_1,
          sprint2_light_combat_area_1, sprint2_behind_water_1,
          sprint2_near_end_vault_1]

Skill      XL: |  1  2  3  4  5  6 |
---------------+-------------------+-----
Fighting       | 6 7 8 10 11 | 11.5
Maces & Flails | 6 8 9 10 12 | 12.5
Armour         | 3 4 5 |  5.9
Dodging        | 3 4 5 6 |  6.3

Action                     |  1- 3 |  4- 6 |  7- 9 || total
---------------------------+-------+-------+-------++-------
  Melee: Mace              |     9 |    27 |       ||    36
         Headbutt          |     1 |     5 |       ||     6
 Invoke: Berserk           |     1 |     1 |       ||     2
    Use: Potion            |       |     2 |       ||     2
 Armour: Animal skin       |     1 |     1 |       ||     2
  Dodge: Dodged            |     3 |    16 |       ||    19

Table legend: (Time is in decaauts)
 A = Elapsed time spent in this place.
 B = Non-inter-level travel time spent in this place.
 C = Inter-level travel time spent in this place.
 D = Time resting spent in this place.
 E = Time spent auto-exploring this place.
 F = Levels seen in this place.
 G = Mean time per level.
                   A        B        C        D        E       F      G
               +--------+--------+--------+--------+--------+-----+--------+
         Total |    120 |    120 |      0 |      6 |      0 |   1 |  120.0 |
       Dungeon |    120 |    120 |      0 |      6 |      0 |   1 |  120.0 |
               +--------+--------+--------+--------+--------+-----+--------+

Top non-repeatable levels by time:
       D: 120 daAuts
